 Dungeon Crawl Stone Soup version 0.30-a0-1124-g6e8f0f562f (webtiles) character file.

Game seed: 16509965119994645952

18699 LustLizard the Severer (level 12, -24/112 HPs)
             Began as a Minotaur Monk on Apr 24, 2023.
             Was a Follower of Uskayaw.
             Annihilated by an ettin
             ... wielding a +1 heavy great mace
              (31 damage)
             ... on level 11 of the Dungeon.
             The game lasted 00:23:00 (11318 turns).

LustLizard the Severer (Minotaur Monk)             Turns: 11318, Time: 00:23:01

Health: -24/112    AC: 18    Str: 20    XL:     12   Next: 30%
Magic:  19/19      EV:  6    Int:  7    God:    Uskayaw [*.....]
Gold:   1380       SH:  0    Dex: 14    Spells: 11/11 levels left

rFire   . . .        J - +2 war axe (venom)
rCold   . . .        d - orb {light}
rNeg    . . .        N - +0 plate armour
rPois   .            (helmet restricted)
rElec   .            u - +0 cloak
rCorr   .            (no gloves)
SInv    .            O - +2 pair of boots {Stlth+}
Will    +....        (no amulet) Stlth
                     j - +4 ring of protection
HPRegen 0.38/turn    w - ring of willpower
MPRegen 0.16/turn

%: no passive effects
@: glowing
A: horns 2, retaliatory headbutt
a: Renounce Religion, Stomp


You were on level 11 of the Dungeon.
You worshipped Uskayaw.
Uskayaw was aware of your devotion.
You visited 1 branch of the dungeon, and saw 11 of its levels.

You collected 1638 gold pieces.
You spent 258 gold pieces at shops.

Inventory:

Hand Weapons
 l - a +2 vampiric spear
 y - the +4 hand axe "Cyizif" {flame, Str+4}
   (You took it off a gnoll on level 5 of the Dungeon)

   Str:       It affects your strength (+4).
 J - a +2 war axe of venom (weapon)
Missiles
 h - 3 throwing nets
 o - 27 poisoned darts (quivered)
Armour
 d - an orb of light (worn)
 q - a +2 scale mail of cold resistance
 u - a +0 cloak (worn)
 N - a +0 plate armour (worn)
 O - a +2 pair of boots of stealth (worn)
Jewellery
 j - a +4 ring of protection (left hand)
 w - a ring of willpower (right hand)
 z - an amulet of guardian spirit
 B - a ring of fire
Wands
 C - a wand of digging (13)
 D - a wand of acid (12)
 I - a wand of flame (19)
 P - a wand of roots (5)
Scrolls
 b - 3 scrolls of magic mapping
 m - 2 scrolls of amnesia
 n - 3 scrolls of noise
 p - a scroll of enchant weapon
 r - 2 scrolls of fog
 s - a scroll of brand weapon
 v - 2 scrolls of teleportation
 E - 2 scrolls of poison {unknown}
 F - a scroll of immolation
 M - a scroll of butterflies {unknown}
 Q - a scroll of silence {unknown}
Potions
 c - a potion of ambrosia
 e - 2 potions of haste
 f - 3 potions of heal wounds
 g - a potion of magic
 i - a potion of resistance {unknown}
 k - a potion of cancellation
 t - a potion of lignification
 x - a potion of attraction {unknown}
 A - 5 potions of curing
 G - 2 potions of invisibility
 H - 2 potions of brilliance
 K - a potion of might {unknown}


   Skills:
 + Level 12.0 Fighting
 * Level 16.3 Axes
 - Level 4.0 Throwing
 - Level 3.2 Dodging
 * Level 11.3 Invocations


You had 11 spell levels left.
You didn't know any spells.
Your spell library contained the following spells:

 Spells                   Type           Power      Damage    Failure   Level
 Freeze                   Ice            0%         1d3       100%        1
 Necrotise                Necr           0%         1d4       100%        1
 Lesser Beckoning         Tloc           0%         N/A       100%        2
 Sublimation of Blood     Necr           0%         N/A       100%        2
 Wereblood                Tmut           0%         N/A       100%        2
 Frozen Ramparts          Ice            0%         1d1       100%        3
 Gell's Gravitas          Tloc           0%         N/A       100%        3
 Hailstorm                Conj/Ice       0%         3d3       100%        3
 Ignite Poison            Fire/Tmut/Pois 0%         N/A       100%        3
 Teleport Other           Tloc           0%         N/A       100%        3
 Vampiric Draining        Necr           0%         2d6       100%        3
 Ice Form                 Ice/Tmut       0%         N/A       100%        4
 Sticky Flame             Conj/Fire      0%         2d3       100%        4
 Agony                    Necr           0%         N/A       100%        5
 Fireball                 Conj/Fire      0%         3d3       100%        5
 Iskenderun's Battlesphe  Conj           0%         2d6       100%        5
 Conjure Ball Lightning   Conj/Air       0%         3x3d6     100%        6
 Simulacrum               Ice/Necr       0%         N/A       100%        6
 Orb of Destruction       Conj           0%         9d5       100%        7
 Summon Hydra             Summ           0%         N/A       100%        7
 Ignition                 Fire           0%         3d3       100%        8


Dungeon Overview and Level Annotations

Branches:
Dungeon (11/15)            Temple (0/1) D:6            Lair (0/5) D:11
    Orc (0/2) D:9

Altars:
Ashenzari
Dithmenos
Fedhas
Kikubaaqudgha
Uskayaw
Wu Jian
The Shining One

Shops:
D:9 [

Portals:
Trove: D:10 (give +3 storm dragon scales)

Annotations:
D:4 3 runed translucent doors, bande's ghost, amateur GrFi


Innate Abilities, Weirdness & Mutations

You have a pair of horns on your head.
You reflexively headbutt those who attack you in melee.


Message History

The cyclops is heavily wounded.
You can now pass through a line of other dancers.
You slash the cyclops!
The cyclops looks as sick as possible!
The cyclops is severely wounded.
The cyclops hits you!
You hit the cyclops.
The cyclops is almost dead.
You slash the cyclops!
You kill the cyclops!
Your Fighting skill increases to level 12!
You start resting.
An ettin is nearby!
Throw: 29 darts (poison)
Press: ? - help, Q - select action, (/) - cycle Shift-Dir - straight line, f - ettin
Aim: an ettin, wielding a +1 heavy great mace and a +0 dire flail (wandering, hasn't noticed you, 85% to hit)
You throw a poisoned dart. The poisoned dart hits the ettin!
The ettin is poisoned.
The ettin shouts in stereo!
Throw: 28 darts (poison)
Press: ? - help, Q - select action, (/) - cycle Shift-Dir - straight line, f/p - ettin
Aim: an ettin, wielding a +1 heavy great mace and a +0 dire flail (very poisoned, 85% to hit)
You throw a poisoned dart. The poisoned dart hits the ettin!
The ettin looks as sick as possible!
You start resting.
An ettin is nearby!
The ettin hits you with a +1 heavy great mace!!!
The ettin hits you with a +0 dire flail.
You slash the ettin!
The ettin looks as sick as possible!
You headbutt the ettin!
The ettin is heavily wounded.
The ettin hits you with a +1 heavy great mace!
The ettin completely misses you.
You hit the ettin but do no damage.
The ettin looks as sick as possible!
The ettin is heavily wounded.
You hit the ettin.
The ettin looks as sick as possible!
You headbutt the ettin.
The ettin is severely wounded.
The ettin hits you with a +1 heavy great mace!!
* * * LOW HITPOINT WARNING * * *
The ettin hits you with a +0 dire flail!!
You die...

..........(..........#......+....
..........(......)...#<.....#....
..............##.....#......#....
..............##.....#......#....
.....................#......#....
........##...........#......#....
...###'###....(......#......#....
P.......##....##C....#......#....
........##....##@....'......####'
.....................#######.....
.....................##....#.....
.......C.............##....#.....
.....................##....#.....
.....................##....#.....
.....................##....#.....
)....................##....#...[.
........##....##.....##....#.....


You could see an ettin (extremely poisoned).

Vanquished Creatures
  Erica (D:10)
  A two-headed ogre (D:8)
  Nergalle (D:11)
  Lodul (D:9)
  Pikel (D:7)
  An ugly thing (D:11)
  14 cyclopes (D:11)
  A gargoyle (D:11)
  A kobold demonologist (D:8)
  A komodo dragon (D:5)
  2 trolls
  2 hornets
  Sigmund (D:3)
  A wyvern (D:9)
  A vampire (D:10)
  3 yaks (D:10)
  A steam dragon (D:10)
  Menkaure (D:6)
  8 vampire mosquitoes (D:11)
  2 wargs (D:11)
  Duvessa (D:7)
  4 water moccasins
  6 orc warriors
  An ice beast (D:6)
  15 ogres
  A sky beast (D:6)
  5 wolves (D:11)
  3 black bears
  3 centaurs
  4 phantoms
  A kobold brigand (D:7)
  4 bullfrogs
  5 scorpions
  A gnoll sergeant (D:8)
  5 wights (D:6)
  Dowan (D:7)
  8 killer bees
  6 jellies
  3 howler monkeys
  5 orc priests (D:8)
  2 hounds
  3 gnoll boudas
  4 iguanas (D:5)
  A sleepcap (D:4)
  9 orc wizards
  Robin (D:3)
  27 gnolls
  10 adders
  4 shadow imps
  An ufetubus (D:7)
  2 worms (D:3)
  2 dart slugs (D:2)
  47 orcs
  12 ball pythons
  5 bats
  7 endoplasms
  8 giant cockroaches
  21 goblins
  10 hobgoblins
  4 jackals (D:1)
  11 kobolds
  7 quokkas
  A frilled lizard (D:3)
  25 rats
351 creatures vanquished.

Vanquished Creatures (others)
  A plant (D:6)
1 creature vanquished.

Grand Total: 352 creatures vanquished

Notes
Turn   | Place    | Note
-------+----------+-------------------------------------------
     0 | D:1      | LustLizard the Minotaur Monk began the quest for the Orb.
     0 | D:1      | Reached XP level 1. HP: 19/19 MP: 0/0
    53 | D:1      | Reached skill level 4 in Axes
    76 | D:1      | Reached XP level 2. HP: 27/27 MP: 1/1
   778 | D:2      | Reached XP level 3. HP: 33/33 MP: 2/2
  1217 | D:2      | Reached skill level 1 in Throwing
  1245 | D:3      | Noticed Robin
  1269 | D:3      | Reached skill level 5 in Axes
  1274 | D:3      | Reached XP level 4. HP: 41/41 MP: 3/3
  1436 | D:3      | Killed Robin
  1613 | D:3      | Reached XP level 5. HP: 47/47 MP: 4/4
  1720 | D:3      | Found a faded altar of an unknown god.
  1723 | D:3      | Noticed Sigmund
  1743 | D:3      | Killed Sigmund
  1744 | D:3      | Reached skill level 5 in Fighting
  1744 | D:3      | Reached skill level 6 in Axes
  1744 | D:3      | Reached XP level 6. HP: 56/56 MP: 5/5
  2133 | D:4      | Reached skill level 7 in Axes
  2143 | D:4      | Reached XP level 7. HP: 61/61 MP: 6/6
  2169 | D:4      | Noticed bande's ghost (amateur GrFi)
  2170 | D:4      | Found a runed translucent gate.
  2205 | D:4      | Found a runed translucent gate.
  2206 | D:4      | Found a runed translucent gate.
  2388 | D:4      | Reached skill level 8 in Axes
  2847 | D:5      | Entered Level 5 of the Dungeon
  2905 | D:5      | Reached XP level 8. HP: 71/71 MP: 7/7
  2908 | D:5      | Reached skill level 9 in Axes
  2944 | D:5      | Noticed a komodo dragon
  3048 | D:5      | Killed a komodo dragon
  3094 | D:5      | Found an ornate altar of the Wu Jian Council.
  3095 | D:5      | Found a hide-covered altar of Uskayaw.
  3102 | D:5      | Became a worshipper of Uskayaw the Reveller
  3102 | D:5      | Reached * piety under Uskayaw
  3163 | D:5      | Reached ** piety under Uskayaw
  3231 | D:5      | Reached skill level 1 in Invocations
  3231 | D:5      | Reached *** piety under Uskayaw
  3233 | D:5      | Reached skill level 10 in Axes
  3235 | D:5      | Reached **** piety under Uskayaw
  3373 | D:5      | Identified the +4 hand axe "Cyizif" {flame, Str+4}
  3499 | D:5      | Reached ***** piety under Uskayaw
  3500 | D:5      | Reached XP level 9. HP: 70/81 MP: 10/10
  3603 | D:5      | Reached skill level 11 in Axes
  4337 | D:6      | Reached skill level 5 in Invocations
  4555 | D:6      | Noticed Menkaure
  4562 | D:6      | Killed Menkaure
  4641 | D:6      | Found a broken altar of Ashenzari.
  4642 | D:6      | Found an ancient bone altar of Kikubaaqudgha.
  4679 | D:6      | Found a staircase to the Ecumenical Temple.
  4702 | D:6      | Found a blossoming altar of Fedhas.
  4703 | D:6      | Found a shadowy altar of Dithmenos.
  5128 | D:7      | Reached skill level 12 in Axes
  5190 | D:7      | Noticed Pikel
  5201 | D:7      | Killed Pikel
  5202 | D:7      | Reached XP level 10. HP: 61/91 MP: 13/13
  5632 | D:7      | Noticed Dowan
  5633 | D:7      | Noticed Duvessa
  5644 | D:7      | Killed Duvessa
  5652 | D:7      | Killed Dowan
  6031 | D:8      | Noticed a two-headed ogre
  6042 | D:8      | Killed a two-headed ogre
  6043 | D:8      | Reached skill level 13 in Axes
  6748 | D:8      | Noticed a soul eater
  7108 | D:9      | Reached skill level 10 in Fighting
  7215 | D:9      | Found a staircase to the Orcish Mines.
  7218 | D:9      | Found Kudoquf's Armour Shop.
  7822 | D:10     | Entered Level 10 of the Dungeon
  7831 | D:10     | Noticed Erica
  7844 | D:10     | Killed Erica
  7845 | D:10     | Reached skill level 14 in Axes
  7845 | D:10     | Reached XP level 11. HP: 62/101 MP: 16/16
  8192 | D:10     | Noticed Lodul
  8212 | D:9      | Killed Lodul
  8639 | D:10     | Found a portal to a secret trove of treasure.
  8725 | D:9      | Bought a +2 pair of boots of stealth for 258 gold pieces
  8963 | D:11     | Found a glowing golden altar of the Shining One.
  9057 | D:11     | Found a staircase to the Lair.
  9214 | D:11     | Reached skill level 15 in Axes
  9218 | D:11     | Reached skill level 10 in Invocations
  9587 | D:11     | Noticed a red ugly thing
  9636 | D:11     | Killed a red ugly thing
 10099 | D:11     | Noticed Nergalle
 10112 | D:11     | Killed Nergalle
 10450 | D:11     | Reached XP level 12. HP: 104/105 MP: 19/19
 10474 | D:11     | Reached ****** piety under Uskayaw
 10489 | D:11     | Reached skill level 16 in Axes
 10836 | D:11     | Noticed an ettin
 10836 | D:11     | Noticed a stone giant
 11318 | D:11     | Annihilated by an ettin

Illustrated notes

Levels and vault maps discovered:
D:1:      lemuel_arrival_room, layout_basic
D:2:      minmay_door_path, layout_rooms
D:3:      layout_loops_cross, nicolae_ecumenical_snake_handling,
          grunt_ministairs_13, uniq_robin, uniq_sigmund
D:4:      kennysheep_six_static_rooms, layout_basic, gammafunk_ghost_split,
          minmay_rat_hole
D:5:      minmay_opposing_rooms, layout_loops_cross, jmf_multi_god_temple
D:6:      layout_gridville, gammafunk_temple_overflow_statue,
          gammafunk_temple_overflow_wave, minmay_temple_entry_enclosed_plants,
          uniq_menkaure
D:7:      layout_rooms, uniq_duvessa, uniq_pikel
D:8:      layout_gridville
D:9:      layout_rooms, orc_david_3
D:10:     layout_rooms, nicolae_trove_entry_diagonal, uniq_lodul, uniq_erica
D:11:     giant_chief_lemuel, layout_stronghold, nicolae_tso_swordbearing_angel,
          uniq_nergalle

Skill      XL: |  1  2  3  4  5  6  7  8  9 10 11 12 |
---------------+-------------------------------------+-----
Axes           | 4 5 6 7 8 10 12 14 15 16 | 16.3
Fighting       | 4 5 6 8 9 10 11 12 | 12.0
Throwing       | 1 2 3 4 |  4.0
Invocations    | 3 6 8 10 11 | 11.3
Dodging        | |  3.2

Action                     |  1- 3 |  4- 6 |  7- 9 | 10-12 || total
---------------------------+-------+-------+-------+-------++-------
  Melee: Hand axe          |    33 |       |    84 |    98 ||   215
         Headbutt          |    11 |    16 |    51 |    99 ||   177
         Spear             |    60 |   149 |   116 |       ||   325
         War axe           |       |       |    30 |   234 ||   264
  Throw: Dart              |       |     6 |    24 |    44 ||    74
         Throwing net      |       |       |       |     2 ||     2
 Invoke: Stomp             |       |       |     5 |    11 ||    16
    Use: Scroll            |     2 |     2 |     8 |     8 ||    20
         Potion            |       |       |       |     1 ||     1
   Stab: Paralysed         |       |       |    12 |    43 ||    55
 Armour: Robe              |     2 |       |       |       ||     2
         Leather armour    |     5 |       |       |       ||     5
         Scale mail        |    19 |    21 |    79 |    62 ||   181
         Plate armour      |       |       |       |    82 ||    82
  Dodge: Dodged            |    36 |    50 |    81 |   110 ||   277

Table legend: (Time is in decaauts)
 A = Elapsed time spent in this place.
 B = Non-inter-level travel time spent in this place.
 C = Inter-level travel time spent in this place.
 D = Time resting spent in this place.
 E = Time spent auto-exploring this place.
 F = Levels seen in this place.
 G = Mean time per level.
                   A        B        C        D        E       F      G
               +--------+--------+--------+--------+--------+-----+--------+
         Total |  11166 |  10715 |    451 |   1745 |   7113 |  11 | 1015.1 |
       Dungeon |  11166 |  10715 |    451 |   1745 |   7113 |  11 | 1015.1 |
               +--------+--------+--------+--------+--------+-----+--------+

Top non-repeatable levels by time:
    D:11: 2230 daAuts
     D:8: 1195 daAuts
    D:10: 1127 daAuts
     D:5: 1098 daAuts
     D:6: 1095 daAuts
     D:9: 853 daAuts
     D:4: 830 daAuts
     D:3: 784 daAuts
     D:1: 744 daAuts
     D:7: 692 daAuts
     D:2: 513 daAuts
